 Dungeon Crawl Stone Soup version 0.30-a0-1002-ga41ad49a19 (webtiles) character file.

Game seed: 14031165973444996708

157 CryoSword the Chiller (level 4, 0/33 HPs)
             Began as a Demigod Ice Elementalist on Apr 5, 2023.
             Slain by a goblin
             ... wielding a +0 club
             ... led by Robin
              (2 damage)
             ... on level 3 of the Dungeon.
             The game lasted 00:03:40 (2647 turns).

CryoSword the Chiller (Demigod Ice Elementalist)    Turns: 2647, Time: 00:03:41

Health: 0/33       AC:  2    Str:  6 (9)  XL:     4   Next: 93%
Magic:  5/9        EV: 12    Int: 18 (21) God:
Gold:   51         SH:  0    Dex: 11 (14) Spells: 2/6 levels left

rFire   + . .      SeeInvis .    g - +2 hand axe (flame)
rCold   . . .      Faith    .    (no shield)
rNeg    . . .      Spirit   .    a - +0 robe
rPois   .          Reflect  .    (no helmet)
rElec   .          Rampage  .    p - scarf {repulsion}
rCorr   .                        (no gloves)
Will    +....                    (no boots)
Stlth   ++                       x - amulet of magic regeneration
HPRegen 0.25/turn                (no ring)
MPRegen 0.51/turn                (no ring)

@: repel missiles
A: high MP 1, forlorn, divine attributes, fire resistance 1, strong-willed 1,
inability to drink after injury 1
a: no special abilities


You were on level 3 of the Dungeon.
You visited 1 branch of the dungeon, and saw 6 of its levels.

You collected 146 gold pieces.
You spent 95 gold pieces at shops.

Inventory:

Hand Weapons
 g - a +2 hand axe of flaming (weapon)
   (You found it on level 1 of the Dungeon)
Missiles
 e - a throwing net
 k - 6 curare-tipped darts
 o - 2 boomerangs
Armour
 a - a +0 robe (worn)
 p - a scarf of repulsion (worn)
   (You found it on level 2 of the Dungeon)
Jewellery
 d - a ring of fire
   (You found it on level 1 of the Dungeon)
 x - an amulet of magic regeneration (around neck)
   (You found it on level 5 of the Dungeon)
Wands
 u - a wand of flame (7)
   (You found it on level 3 of the Dungeon)
Scrolls
 c - a scroll of blinking {unknown}
 i - a scroll of torment {unknown}
 j - a scroll of magic mapping {unknown}
 l - 4 scrolls of identify {unknown}
 m - 4 scrolls of teleportation {unknown}
 n - a scroll of immolation {unknown}
 r - a scroll of amnesia {unknown}
Potions
 b - a potion of magic
 f - 3 potions of degeneration {!q}
 h - a potion of mutation {!q}
 q - a potion of heal wounds {unknown}
 s - a potion of cancellation
 t - a potion of haste {@q3}
 v - a potion of resistance {unknown}
 w - a potion of might {unknown}


   Skills:
 - Level 1.7 Dodging
 - Level 1.7 Stealth
 * Level 1.8 Spellcasting
 + Level 5.9 Ice Magic


You had 2 spell levels left.
You knew the following spells:

 Your Spells              Type           Power      Damage    Failure   Level
a - Freeze                Ice            92%        1d9       1%          1
b - Frozen Ramparts       Ice            46%        1d7       4%          3

Your spell library contained the following spells:

 Spells                   Type           Power      Damage    Failure   Level
 Ozocubu's Armour         Ice            23%        N/A       4%          3
 Summon Ice Beast         Ice/Summ       12%        N/A       47%         4
 Summon Guardian Golem    Hex/Summ       1%         N/A       50%         3
 Orb of Destruction       Conj           0%         9d5       100%        7
 Spellforged Servitor     Conj/Summ      0%         N/A       100%        7


Dungeon Overview and Level Annotations

Branches:
Dungeon (6/15)             Temple (0/1) D:4

Shops:
D:3 *

Annotations:
D:3 Robin


Innate Abilities, Weirdness & Mutations

You have an increased reservoir of magic. (+10% MP)
You shall have no god before yourself.
Your divine heritage dramatically boosts your attributes as you level up.
Your flesh is heat resistant. (rF+)
You are strong-willed. (Will+)
You occasionally lose the ability to drink potions when taking damage.


Message History

You hit the jackal. You burn the jackal.
You kill the jackal!
The quokka twitches its whiskers.
The quokka closely misses you.
You hit the quokka. You burn the quokka.
You kill the quokka!
No target in view!
You now have 123 gold pieces (gained 13).
You now have 139 gold pieces (gained 16).
u - a wand of flame (7)
v - a red potion A frilled lizard comes into view.
A frilled lizard is nearby!
A frilled lizard is nearby!
The helpless frilled lizard fails to defend itself.
You hit the frilled lizard. You burn the frilled lizard.
You kill the frilled lizard!
No target in view!
You see here a frilled lizard corpse.
Could not explore, unopened door.
You open the door.
Found Fuisoug's Assorted Antiques.
There is an open door here.
There is an entrance to Fuisoug's Assorted Antiques here.
h - 2 amethyst potions (gained 1)
l - 3 scrolls labelled HICVASHROYZ (gained 1)
f - 4 bubbling purple potions (gained 1)
w - an inky potion Thank you for shopping at Fuisoug's Assorted Antiques!
You open the door. You open the door. You open the door.
There is an open door here.
Found a stone staircase leading down.
A sourceless malevolence fills the Dungeon...
You fall into a shaft and drop 3 floors!
The shaft crumbles and collapses.
Found a short sword.
Could not explore, unopened door.
You open the door.
Found a ring mail.
There is an open door here.
Found a stone staircase leading up.
Found a stone staircase leading up.
There is a stone staircase leading up here.
You climb upwards.
The hound barks!
There is a stone staircase leading down here.
Aim: a hound You freeze the hound!
The hound closely misses you.
Aim: a hound (severely wounded)
You freeze the hound. The hound closely misses you. x2
Aim: a hound (severely wounded)
You freeze the hound.
You kill the hound!
This spell is dangerous to cast!
Memorise Frozen Ramparts, consuming 3 spell levels and leaving 2?
You start memorising the spell.
You continue memorising. x3
The jelly quivers.
You finish memorising.
Spell assigned to 'b'.
Found a scroll labelled HICVASHROYZ.
Aim: a jelly You freeze the jelly!
The jelly closely misses you.
Aim: a jelly (severely wounded)
You freeze the jelly!
You kill the jelly!
l - 4 scrolls labelled HICVASHROYZ (gained 1)
Found a club.
A phantom comes into view.
A phantom is nearby!
Found a thin bronze amulet.
x - an amulet of magic regeneration You start putting on your amulet.
You continue putting on your amulet of magic regeneration. x5
You finish putting on your amulet of magic regeneration.
x - an amulet of magic regeneration (around neck)
m - 4 scrolls labelled URHEHE SOMESM (gained 3)
Found a stone staircase leading down.
There is a stone staircase leading down here.
An ice beast comes into view.
Found a stone staircase leading up.
There is a stone staircase leading up here.
You climb upwards.
There is a stone staircase leading down here.
Found a stone staircase leading up.
Found a staircase to the Ecumenical Temple.
A bullfrog and a giant cockroach come into view.
There is a stone staircase leading up here.
You climb upwards.
Found an escape hatch in the floor.
There is a stone staircase leading down here.
You pick up a book of Dangerous Friends and begin reading...
You add the spells Summon Guardian Golem, Orb of Destruction and Spellforged Servitor to your library.
You now have 51 gold pieces (gained 7).
A hobgoblin, 2 goblins and a phantom come into view.
The goblin shouts!
You hear a shout! x2
There are monsters nearby!
Robin of the Strong Arm comes into view.
They are wielding a +0 short sword.
Robin shouts!
You hear a shout!
Unknown command.
The walls around you are covered in ice.
The phantom completely resists.
The wall freezes the phantom but does no damage.
Aim: a phantom You freeze the phantom but do no damage.
The phantom completely resists.
The wall freezes the hobgoblin!
You kill the hobgoblin!
The phantom completely resists.
The wall freezes the phantom but does no damage.
The phantom hits you.
The phantom blinks!
You blink.
The frozen ramparts melt away as you move.
A goblin comes into view. It is wielding a +0 club.
The goblin hits you with a +0 club.
You miscast Frozen Ramparts.
You are very lightly contaminated with residual magic.
Nothing appears to happen.
The goblin closely misses you.
The phantom hits you but does no damage.
A goblin comes into view. It is wielding a +0 dagger.
The goblin hits you with a +0 club.
Robin roars a battlecry!
The goblins go into a battle-frenzy!
You hear a shout!
You hit the phantom but do no damage. You hit the goblin. You burn the goblin.
You kill the goblin!
You hit the goblin but do no damage. The goblin hits you with a +0 club.
The phantom hits you.
The phantom blinks!
You blink.
The phantom hits you.
* * * LOW HITPOINT WARNING * * *
It was a potion of degeneration.
There was something very wrong with that liquid.
You feel weakened.
You feel dopey.
You feel clumsy. The phantom barely misses you.
It was a potion of cancellation.
You feel magically purged.
Your magical contamination has completely faded away.
The phantom hits you!
* * * LOW HITPOINT WARNING * * *
Robin drinks a potion.
Robin seems to speed up.
It was a potion of mutation.
You feel extremely strange.
You feel strong-willed.
You occasionally lose the ability to drink potions when taking damage.
You feel resistant to heat. Robin throws the goblin at you!
The phantom hits you.
* * * LOW HITPOINT WARNING * * *
The goblin hits you with a +0 club.
You die...

###### ########....#
#........##.# #
#.#####..##.# #g# #.....#
#@# ##.####### #W#
#.###...### .
########g######.........#
..
.g.g...)g...ยง>....>...###
#.#
######.#.#########..#.#
..# #.#.# #..#.# ## #.#.#
#..#.### #.#.# #..#....
#...# #.......


You could see a phantom, Robin (fast) and 2 goblins.

Vanquished Creatures
  A hound (D:5)
  A jelly (D:5)
  4 adders
  A dart slug (D:2)
  An orc (D:3)
  9 endoplasms
  2 giant cockroaches
  7 goblins
  4 hobgoblins
  3 jackals
  2 quokkas
  4 ball pythons
  6 bats
  6 frilled lizards
  3 kobolds
  7 rats
61 creatures vanquished.

Notes
Turn   | Place    | Note
-------+----------+-------------------------------------------
     0 | D:1      | CryoSword the Demigod Ice Elementalist began the quest for
                  | the Orb.
     0 | D:1      | Reached XP level 1. HP: 14/14 MP: 5/5
   196 | D:1      | Reached skill level 4 in Ice Magic
   248 | D:1      | Reached XP level 2. HP: 7/20 MP: 4/7
  1162 | D:2      | Reached XP level 3. HP: 26/26 MP: 8/8
  1471 | D:2      | Reached skill level 5 in Ice Magic
  2031 | D:3      | Reached XP level 4. HP: 29/33 MP: 7/9
  2275 | D:3      | Found Fuisoug's Assorted Antiques.
  2278 | D:3      | Bought an amethyst potion for 23 gold pieces
  2278 | D:3      | Bought a scroll labelled HICVASHROYZ for 26 gold pieces
  2278 | D:3      | Bought a bubbling purple potion for 23 gold pieces
  2278 | D:3      | Bought an inky potion for 23 gold pieces
  2308 | D:3      | You fall into a shaft and drop 3 floors!
  2339 | D:5      | Entered Level 5 of the Dungeon
  2347 | D:5      | Learned a level 3 spell: Frozen Ramparts
  2408 | D:5      | Noticed a phantom
  2537 | D:5      | Noticed an ice beast
  2597 | D:4      | Found a staircase to the Ecumenical Temple.
  2606 | D:4      | Noticed a bullfrog
  2634 | D:3      | Noticed a phantom
  2635 | D:3      | Noticed Robin
  2647 | D:3      | Gained mutation: You are strong-willed. (Will+) [potion of
                  | mutation]
  2647 | D:3      | Gained mutation: You occasionally lose the ability to drink
                  | potions when taking damage. [potion of mutation]
  2647 | D:3      | Gained mutation: Your flesh is heat resistant. (rF+)
                  | [potion of mutation]
  2647 | D:3      | Slain by a goblin

Illustrated notes

Levels and vault maps discovered:
D:1:      dpeg_arrival_central, layout_loops_ring
D:2:      layout_loops_ring, basic_altar, minmay_tetromino_i2
D:3:      layout_basic, serial_shops, nicolae_shop_behind_doors,
          uniq_crazy_yiuf_cottage, uniq_robin
D:4:      layout_gridville, mainiacjoe_overflow_small_starburst,
          minmay_temple_entry_tees, hellmonk_ghost_happy_afterlife,
          minmay_pentomino_pile
D:5:      layout_basic, nicolae_overflow_crystal_walls,
          mainiacjoe_overflow_24_doors,
          hangedman_abyss_or_decor_jellyfish_corner, grunt_ministairs_4,
          serial_bayou_lagoon_b, uniq_eustachio
D:6:      layout_gridville, biasface_ghost_orc_armoury,
          hangedman_decor_clover_reticule, chequers_serial_rivers_marsh,
          amethyst_killhole, minmay_microvault

Skill      XL: |  1  2  3 |
---------------+----------+-----
Ice Magic      | 4 5 |  5.9
Dodging        | |  1.7
Stealth        | |  1.7
Spellcasting   | |  1.8

Action                     |  1- 3 |  4- 6 || total
---------------------------+-------+-------++-------
  Melee: Unarmed           |     4 |       ||     4
         Hand axe          |    54 |     8 ||    62
   Cast: Freeze            |    47 |    10 ||    57
         Frozen Ramparts   |       |     1 ||     1
    Use: Potion            |       |     3 ||     3
   Stab: Sleeping          |     6 |     1 ||     7
         Distracted        |     1 |       ||     1
 Armour: Robe              |    14 |     6 ||    20
  Dodge: Dodged            |    61 |    14 ||    75
         Repelled          |     2 |       ||     2

Table legend: (Time is in decaauts)
 A = Elapsed time spent in this place.
 B = Non-inter-level travel time spent in this place.
 C = Inter-level travel time spent in this place.
 D = Time resting spent in this place.
 E = Time spent auto-exploring this place.
 F = Levels seen in this place.
 G = Mean time per level.
                   A        B        C        D        E       F      G
               +--------+--------+--------+--------+--------+-----+--------+
         Total |   2663 |   2619 |     44 |      0 |   2060 |   6 |  443.8 |
       Dungeon |   2663 |   2619 |     44 |      0 |   2060 |   6 |  443.8 |
               +--------+--------+--------+--------+--------+-----+--------+

Top non-repeatable levels by time:
     D:1: 893 daAuts
     D:2: 893 daAuts
     D:3: 577 daAuts
     D:5: 248 daAuts
     D:6: 30 daAuts
     D:4: 20 daAuts
